Map: Heavy Artillery LE

Players

Ranlye - Winner!

  • Race: Protoss Protoss
  • Spawn Location: 7:00

Taximan - Winner!

  • Race: Terran Terran
  • Spawn Location: 7:00

IHearºVoices

  • Race: Terran Terran
  • Spawn Location: 3:00

kornikz

  • Race: Terran Terran
  • Spawn Location: 1:00

VOD

Have the link to the VOD?

Description

This replay shows how you can completely waste the game. Player "kornikz" - no micro, no macro, bad units, bad tactics... and at the end, when everything still seems to be won... he took and lost his entire army for nothing.

Time

  • Played on: July 24, 2024, 9:07 p.m.
  • Length: 27:33
Show
View Real Time Build Order
Export as new Build Order

Ranlye Protoss - Winner!

Build Orders: Carriers 

Get SALT Encoding   

  12  0:00  Probe  
  13  0:12  Probe  
  14  0:20  Pylon  
  14  0:25  Probe  
  15  0:38  Probe (Chrono Boost)  
  15  0:41  Gateway  
  17  0:50  Probe (Chrono Boost)  
  17  0:56  Probe (Chrono Boost)  
  18  0:59  Forge  
  18  1:05  Probe  
  19  1:17  Probe  
  20  1:19  Assimilator  
  20  1:21  Assimilator  
  20  1:29  Probe  
  21  1:34  Photon Cannon  
  21  1:40  Pylon  
  21  1:43  Probe  
  22  1:55  Probe  
  23  2:02  Cybernetics Core  
  23  2:10  Photon Cannon  
  23  2:15  Probe  
  24  2:30  Nexus  
  24  2:39  Shield Battery  
  24  2:43  Stalker (Chrono Boost)  
  24  2:49  Warp Gate (Chrono Boost)  
  26  2:59  Gateway  
  26  3:07  Stalker  
  28  3:24  Pylon  
  28  3:35  Stargate  
  28  3:37  Stalker  
  30  3:43  Shield Battery  
  30  3:54  Probe  
  30  3:55  Probe  
  32  3:59  Photon Cannon  
  32  4:02  Stalker  
  34  4:11  Sentry  
  34  4:15  Probe  
  34  4:16  Oracle (Chrono Boost), Probe  
  41  4:27  Pylon  
  41  4:30  Probe x2  
  43  4:43  Probe x2  
  43  4:44  Oracle (Chrono Boost)  
  48  4:56  Probe x2  
  50  5:00  Assimilator  
  50  5:04  Assimilator  
  50  5:07  Stalker  
  50  5:08  Probe  
  50  5:09  Probe  
  54  5:20  Probe  
  54  5:21  Probe  
  56  5:33  Probe  
  56  5:34  Oracle  
  60  5:39  Probe  
  61  5:45  Probe  
  61  5:49  Pylon  
  62  5:57  Photon Cannon  
  62  6:05  Pylon  
  62  6:07  Probe  
  62  6:08  Pylon  
  63  6:12  Stalker  
  63  6:13  Stalker  
  63  6:15  Nexus  
  67  6:29  Pylon  
  67  6:32  Pylon  
  67  6:33  Probe  
  67  6:36  Twilight Council  
  68  6:40  Robotics Facility  
  68  6:42  Gateway  
  68  6:43  Gateway  
  68  7:00  Probe  
  68  7:01  Probe  
  70  7:05  Oracle  
  73  7:10  Fleet Beacon  
  73  7:12  Protoss Ground Weapons Level 1  
  73  7:13  Probe x2  
  75  7:19  Pylon  
  75  7:21  Photon Cannon  
  75  7:25  Photon Cannon x2  
  75  7:26  Protoss Air Weapons Level 1  
  75  7:37  Immortal  
  79  7:54  Probe x3  
  82  8:01  Assimilator  
  82  8:05  Assimilator  
  82  8:06  Probe x3  
  82  8:10  Stargate x2  
  85  8:15  Robotics Bay  
  85  8:18  Probe x3, Carrier  
  94  8:25  Templar Archives  
  94  8:30  Probe  
  95  8:50  Probe x2  
  95  8:54  Robotics Facility  
  97  8:58  Stalker  
  97  8:59  Stalker x2  
  97  9:00  Stalker  
  105  9:13  Psionic Storm  
  105  9:17  Extended Thermal Lance (Chrono Boost), Carrier  
  111  9:27  Zealot x2  
  111  9:28  Zealot x2  
  119  9:47  Colossus  
  125  9:57  Pylon x2  
  125  9:59  Pylon  
  125  10:01  Pylon  
  125  10:02  Pylon  
  125  10:03  Charge (Chrono Boost)  
  125  10:04  Pylon  
  125  10:06  Pylon  
  125  10:07  Pylon  
  125  10:09  Pylon  
  125  10:14  Colossus  
  125  10:20  Stalker x4  
  139  10:26  Carrier  
  145  10:34  Nexus  
  145  10:38  Pylon  
  145  10:40  Pylon  
  145  10:50  Pylon  
  145  10:54  Pylon  
  145  11:11  Colossus x2  
  155  11:27  Photon Cannon  
  155  11:29  Photon Cannon  
  155  11:31  Photon Cannon  
  155  11:38  Photon Cannon  
  155  11:43  Templar Archives  
  155  11:53  Stalker  
  155  11:54  Stalker x3  
  163  12:08  Probe  
  163  12:09  Probe x3  
  163  12:10  Colossus x2  
  163  12:11  Carrier  
  163  12:12  Carrier  
  191  12:20  Photon Cannon  
  191  12:22  Pylon  
  191  12:27  Photon Cannon  
  191  12:28  Assimilator  
  191  12:31  Assimilator  
  185  12:56  Stalker x2  
  185  12:57  Stalker x2  
  185  13:23  Photon Cannon  
  185  13:24  Photon Cannon  
  185  13:26  Photon Cannon  
  185  13:27  Photon Cannon  
  185  13:29  Photon Cannon  
  185  13:31  Carrier  
  185  13:32  Photon Cannon  
  185  13:33  Photon Cannon  
  185  13:34  High Templar x3  
  193  13:35  High Templar  
  193  13:39  Photon Cannon  
  193  13:41  Photon Cannon  
  199  13:44  Photon Cannon  
  199  13:47  Protoss Ground Armor Level 1  
  199  13:58  Cybernetics Core  
  199  14:02  Protoss Air Weapons Level 2 (Chrono Boost)  
  199  14:21  Photon Cannon  
  199  14:24  Photon Cannon  
  199  14:25  Photon Cannon  
  199  14:29  Photon Cannon  
  199  14:32  Photon Cannon  
  199  14:35  Photon Cannon  
  199  14:51  Protoss Air Armor Level 1 (Chrono Boost)  
  199  14:55  Forge x2  
  199  14:57  Pylon  
  199  15:16  Stargate  
  199  15:18  Stargate  
  199  15:22  Gateway  
  199  15:23  Gateway  
  194  16:09  Nexus  
  194  16:12  Nexus  
  194  16:13  Pylon  
  194  16:17  Photon Cannon  
  194  16:18  Photon Cannon  
  194  16:20  Photon Cannon  
  194  16:41  Pylon  
  194  16:43  Photon Cannon  
  194  16:44  Photon Cannon  
  194  16:45  Pylon  
  194  16:46  Protoss Shields Level 1, Photon Cannon, Protoss Ground Weapons Level 2 (Chrono Boost), Pylon  
  194  16:48  Photon Cannon x2  
  194  16:49  Photon Cannon  
  194  17:14  Protoss Ground Armor Level 2 (Chrono Boost)  
  184  17:24  Protoss Air Weapons Level 3  
  158  18:07  Stalker x3  
  158  18:08  Stalker x2  
  168  18:50  Protoss Shields Level 2 (Chrono Boost)  
  168  19:01  Templar Archives  
  168  19:03  Pylon  
  168  19:05  Photon Cannon  
  168  19:06  Photon Cannon  
  168  19:07  Photon Cannon  
  168  19:10  Photon Cannon  
  168  19:12  Carrier, Pylon  
  174  19:41  High Templar x2  
  174  19:42  High Templar x2  
  174  19:43  High Templar x2  
  186  19:59  Gateway  
  186  20:00  Gateway  
  186  20:09  Photon Cannon x2  
  186  20:11  Colossus  
  186  20:12  Photon Cannon  
  186  20:13  Pylon  
  192  20:14  High Templar x2  
  192  20:15  High Templar x2  
  194  21:01  Stalker  
  194  21:02  Stalker x2  
  194  21:25  High Templar x3  
  197  21:52  Stalker  
  199  21:55  Photon Cannon  
  199  21:56  Photon Cannon  
  199  21:57  Photon Cannon  
  199  22:02  Protoss Ground Armor Level 3 (Chrono Boost)  
  199  22:03  Protoss Shields Level 3 (Chrono Boost)  
  199  22:10  Protoss Ground Weapons Level 3 (Chrono Boost)  
  199  22:19  Nexus  
  199  22:42  Pylon  
  199  22:44  Pylon  
  199  22:46  Protoss Air Armor Level 2 (Chrono Boost)  
  193  22:59  Assimilator  
  193  23:03  Assimilator  
  162  23:45  Stalker x4  
  162  23:46  Stalker x2  
  174  23:52  Carrier x3  
  182  24:19  Colossus  
  188  24:36  Nexus  
  188  24:39  Stalker x4  
  196  24:46  Pylon  
  196  24:49  Pylon  
  196  24:51  Assimilator  
  190  24:54  Assimilator  
  190  25:06  Tempest  
  195  25:24  Observer  
  196  25:32  Stalker x2  
  200  26:05  Nexus  
  200  26:20  Photon Cannon  
  200  26:22  Photon Cannon  
  200  26:23  Photon Cannon  
  200  26:27  Photon Cannon  
  200  26:28  Photon Cannon  
  200  26:32  Shield Battery  
  200  26:34  Shield Battery  
  200  26:52  Photon Cannon  
  200  26:55  Shield Battery  
  177  27:20  Archon x5  
Show
View Real Time Build Order
Export as new Build Order

Taximan Terran - Winner!

Build Orders: 1/1/1, Liberator Opening 

Get SALT Encoding   

  12  0:02  SCV  
  13  0:20  SCV, Supply Depot  
  14  0:30  Refinery  
  14  0:36  SCV  
  15  0:43  Barracks  
  15  0:48  SCV  
  16  0:57  Refinery  
  16  1:00  SCV  
  17  1:12  SCV  
  18  1:25  SCV  
  19  1:32  Marine  
  19  1:33  Factory  
  19  1:39  Orbital Command  
  20  1:53  Marine  
  21  2:07  SCV, Supply Depot  
  22  2:14  Marine  
  23  2:18  Factory Reactor  
  23  2:19  Starport  
  23  2:33  SCV  
  24  2:43  Engineering Bay  
  24  2:47  SCV  
  24  2:48  Bunker  
  25  2:53  Marine  
  25  3:07  SCV  
  25  3:26  Liberator  
  25  3:27  Liberator  
  31  3:37  Missile Turret  
  31  3:39  Supply Depot  
  31  3:56  Command Center  
  31  4:09  Liberator  
  34  4:13  SCV  
  35  4:25  SCV  
  35  4:28  Fusion Core  
  36  4:33  Liberator  
  39  4:44  Supply Depot  
  39  4:56  SCV  
  34  5:01  Liberator  
  37  5:08  SCV  
  38  5:20  SCV  
  39  5:27  Refinery  
  39  5:30  Orbital Command  
  39  5:32  SCV  
  40  5:37  Factory Tech Lab  
  40  5:44  SCV  
  41  5:51  Missile Turret  
  41  5:52  Missile Turret  
  41  5:55  Refinery  
  41  5:57  SCV x2  
  43  6:09  SCV  
  43  6:10  SCV  
  51  6:11  Battlecruiser  
  51  6:21  SCV  
  51  6:22  SCV  
  53  6:33  SCV  
  53  6:34  SCV  
  53  6:36  Hi-Sec Auto Tracking  
  53  6:37  Missile Turret  
  55  6:44  Starport  
  55  6:45  SCV  
  55  6:46  SCV  
  57  6:57  SCV  
  57  6:58  SCV  
  59  7:03  Supply Depot  
  59  7:04  Supply Depot  
  59  7:09  SCV  
  59  7:10  SCV  
  59  7:12  Weapon Refit  
  61  7:21  SCV  
  62  7:23  Armory  
  62  7:24  Starport Tech Lab  
  62  7:25  Battlecruiser, SCV  
  69  7:33  SCV  
  70  7:39  Supply Depot  
  70  7:45  Battlecruiser  
  76  7:57  Command Center  
  76  8:11  Supply Depot  
  76  8:14  Terran Vehicle And Ship Armor Level 1  
  76  8:26  SCV  
  77  8:32  Battlecruiser  
  83  8:43  SCV x2  
  83  8:47  Missile Turret  
  85  8:49  Battlecruiser  
  85  8:51  Armory  
  91  9:00  Missile Turret, SCV x2  
  92  9:28  SCV x2  
  94  9:34  Missile Turret  
  94  9:36  Refinery  
  94  9:37  Missile Turret  
  94  9:39  Supply Depot  
  94  9:40  SCV x2  
  94  9:41  Battlecruiser  
  102  9:50  Terran Ship Weapons Level 1, Refinery  
  102  9:54  Factory Tech Lab  
  102  9:56  Battlecruiser  
  102  9:57  Starport  
  102  9:59  SCV  
  109  10:01  SCV  
  109  10:02  Supply Depot  
  110  10:08  Supply Depot  
  110  10:11  Planetary Fortress  
  110  10:26  Supply Depot  
  110  10:27  Terran Vehicle And Ship Armor Level 2  
  110  10:46  Starport  
  110  10:48  Battlecruiser  
  116  11:19  Battlecruiser  
  116  11:20  Battlecruiser  
  128  11:28  Missile Turret  
  116  11:39  Missile Turret  
  116  11:42  Missile Turret  
  116  11:45  SCV x2  
  116  11:46  SCV  
  119  11:50  Starport Tech Lab  
  119  11:52  Supply Depot  
  119  11:53  Neosteel Armor  
  119  11:56  Terran Ship Weapons Level 2  
  119  11:57  SCV  
  120  12:14  Battlecruiser, Supply Depot  
  126  12:29  Battlecruiser  
  132  12:32  Supply Depot  
  132  12:34  Supply Depot  
  132  12:38  Supply Depot  
  132  12:46  Missile Turret  
  89  13:27  Command Center  
  77  13:53  Terran Vehicle And Ship Armor Level 3  
  77  13:55  Battlecruiser x2  
  89  14:10  Missile Turret  
  89  14:39  Refinery  
  89  14:45  Command Center  
  89  14:55  Planetary Fortress  
  89  15:03  Factory Tech Lab  
  89  15:09  Factory  
  89  15:11  Factory  
  89  15:13  Terran Vehicle Weapons Level 1  
  89  15:14  Factory  
  89  15:25  Siege Tank  
  91  16:01  Siege Tank  
  94  16:12  Siege Tank  
  94  16:13  Siege Tank x2  
  103  16:29  Command Center  
  103  16:39  Siege Tank  
  106  16:44  Siege Tank  
  109  16:52  Siege Tank x2  
  115  17:00  Missile Turret  
  63  17:55  Siege Tank  
  63  17:56  Siege Tank x2  
  50  18:26  Factory Tech Lab  
  50  18:28  Siege Tank x3  
  59  18:40  Command Center  
  59  19:01  Siege Tank  
  59  19:02  Siege Tank x2  
  68  19:21  Barracks  
  68  19:22  Barracks  
  68  19:29  Barracks  
  68  19:36  Siege Tank  
  71  20:05  Combat Shield  
  71  20:10  Marine x3  
  71  20:11  Missile Turret  
  74  20:23  Marine x2  
  74  20:28  Marine x3  
  78  20:31  Missile Turret  
  79  20:40  Marine  
  79  20:41  Marine  
  57  20:45  Marine  
  58  20:54  Missile Turret  
  58  20:57  Marine  
  58  20:58  Marine x2  
  58  20:59  Marine  
  58  21:00  Orbital Command  
  58  21:03  Marine  
  63  21:15  Bunker x2, Marine x2  
  65  21:20  Bunker  
  65  21:23  SCV x2  
  67  21:35  SCV  
  68  21:54  Refinery  
  68  21:55  Refinery  
  68  21:56  Marine x2  
  68  21:57  Marine x3  
  73  22:14  Marine x4  
  77  22:16  Marine  
  78  22:32  Marine x4  
  82  22:40  Missile Turret  
  82  22:52  Siege Tank x3  
  82  22:53  Marine  
  82  22:54  Marine x3  
  97  23:27  Thor x3  
  97  23:28  Marine  
  97  23:29  Marine x4  
  117  23:34  Stimpack  
  117  23:37  Terran Infantry Weapons Level 1  
  117  23:46  Marine x2  
  117  23:47  Marine  
  120  24:02  Marine x2  
  121  24:04  Marine x3  
  125  24:13  Thor  
  131  24:20  Marine x2  
  131  24:22  Marine  
  134  24:40  Marine x2  
  134  24:41  Marine x2  
  134  24:42  Thor  
  144  25:46  Marine x3  
  144  25:47  Marine x2  
  144  25:48  Thor x2  
  161  26:04  Marine x3  
  156  26:23  Marine x5  
  161  26:41  Marine x4  
  161  26:42  Marine  
  165  27:09  Marine  
  157  27:17  Command Center  
Show
View Real Time Build Order
Export as new Build Order

IHearºVoices Terran 

Build Orders:  

Get SALT Encoding   

  12  0:01  SCV  
  13  0:22  SCV  
  14  0:37  Supply Depot  
  14  0:39  SCV  
  15  0:59  SCV  
  16  1:04  Barracks  
  16  1:09  Refinery  
  16  1:10  Refinery  
  16  1:11  SCV  
  17  1:23  SCV  
  18  1:35  SCV  
  19  1:47  SCV  
  20  1:55  Reaper  
  20  2:01  Orbital Command, Supply Depot  
  21  2:30  SCV  
  22  2:38  Command Center  
  22  2:42  SCV  
  23  2:45  Engineering Bay  
  23  2:54  SCV  
  24  3:22  SCV  
  25  3:28  Barracks Tech Lab, Barracks  
  25  3:29  Barracks  
  25  3:31  Barracks  
  26  3:34  SCV  
  26  3:51  SCV  
  27  4:03  SCV  
  28  4:10  Orbital Command  
  28  4:12  Bunker x2  
  28  4:15  SCV  
  29  4:25  Engineering Bay  
  29  4:27  SCV  
  29  4:30  Barracks Reactor  
  29  4:31  Barracks Reactor x2  
  30  4:32  Stimpack  
  30  4:34  Supply Depot  
  30  4:37  SCV  
  31  4:39  SCV  
  32  4:49  Missile Turret, SCV  
  32  4:50  Missile Turret  
  32  4:51  Missile Turret, SCV  
  34  5:01  SCV  
  34  5:03  SCV  
  36  5:14  SCV  
  37  5:15  SCV  
  38  5:26  SCV  
  38  5:42  SCV, Marine x2  
  40  5:45  SCV  
  40  5:46  Missile Turret  
  40  5:48  Marine  
  40  5:49  Marauder, Refinery, Marine x3  
  48  5:50  Terran Infantry Weapons Level 1, Refinery, Terran Infantry Armor Level 1  
  48  5:54  Factory, SCV  
  50  5:57  SCV  
  50  6:00  Marine  
  51  6:06  SCV  
  51  6:09  SCV  
  53  6:11  Ghost Academy  
  53  6:14  Concussive Shells, Supply Depot  
  53  6:16  Marine  
  54  6:22  Supply Depot  
  54  6:23  Supply Depot  
  54  6:35  SCV  
  55  6:40  Factory Reactor, Armory  
  55  6:43  SCV  
  55  6:44  Starport  
  55  6:45  Command Center, Starport  
  56  6:47  SCV  
  57  6:55  Marauder, Marine x5  
  57  6:56  Marine  
  65  7:07  SCV  
  66  7:08  SCV  
  67  7:16  Refinery  
  67  7:20  Barracks  
  67  7:21  Barracks  
  67  7:22  Barracks x2  
  67  7:24  Factory Reactor  
  67  7:27  Ghost  
  67  7:28  Marine x3  
  67  7:29  Medivac x3  
  78  7:36  Missile Turret  
  78  7:40  Refinery  
  78  7:41  Combat Shield  
  78  7:47  Terran Infantry Weapons Level 2, Terran Infantry Armor Level 2  
  78  7:57  SCV x2  
  78  7:58  Orbital Command  
  80  8:09  SCV x2  
  80  8:12  Marauder, Marine x6  
  90  8:23  SCV x2  
  92  8:27  Barracks Tech Lab  
  92  8:29  Barracks Tech Lab, Barracks Reactor, Marine  
  92  8:30  Barracks Reactor  
  93  8:39  Supply Depot  
  93  8:41  Supply Depot  
  93  8:49  Refinery  
  93  8:50  Command Center  
  93  9:00  Marine  
  93  9:01  Medivac, SCV x3, Marauder  
  101  9:02  Medivac x3  
  107  9:13  SCV x2  
  107  9:15  Refinery  
  109  9:27  Supply Depot  
  109  9:28  Supply Depot  
  109  9:36  Nuke  
  109  9:47  Supply Depot  
  109  9:49  Marauder x2, SCV, Marine x3  
  109  9:50  SCV x2, Marine x2  
  121  9:53  Supply Depot  
  121  9:54  Supply Depot  
  121  10:01  SCV  
  121  10:02  SCV  
  123  10:16  Medivac x3  
  123  10:17  Medivac  
  131  10:22  Orbital Command  
  131  10:32  Terran Infantry Armor Level 3, Terran Infantry Weapons Level 3, Supply Depot x2  
  131  10:33  Supply Depot  
  131  10:46  Medivac  
  133  10:51  Marauder x3  
  133  10:52  Marine x10  
  127  11:09  Marine  
  127  11:10  Marine x3  
  120  11:12  Marauder x2  
  120  11:13  Marauder  
  111  11:26  Marine x3  
  111  11:27  Medivac, Marine x2  
  111  11:28  Medivac x2  
  111  11:29  Medivac  
  124  11:33  SCV x4, Marauder  
  124  11:34  Marauder x2  
  134  11:43  Terran Ship Weapons Level 1  
  134  11:45  SCV x4  
  138  11:52  Marine x2  
  138  11:53  Marine x8  
  148  11:54  Starport  
  148  11:55  Marauder x3  
  148  11:56  Starport  
  148  11:57  Starport, SCV x2  
  148  11:59  SCV x2  
  158  12:10  Marine x2  
  158  12:11  Marine x6  
  158  12:12  Factory Tech Lab  
  166  12:16  Marauder x2  
  166  12:17  Marauder  
  166  12:22  Marine x2  
  172  12:28  Marine x2  
  176  12:30  Fusion Core  
  176  12:34  Armory  
  176  12:36  Armory  
  170  12:38  Marauder x3  
  175  12:47  Missile Turret  
  175  13:09  Starport Reactor  
  175  13:10  Starport Reactor x2  
  175  13:21  Viking  
  175  13:22  Viking x3  
  157  14:05  SCV x4  
  161  14:17  SCV x2  
  163  14:22  Missile Turret x2  
  163  14:23  Missile Turret x2  
  163  14:24  Sensor Tower  
  163  14:29  Neosteel Armor, Hi-Sec Auto Tracking  
  163  14:30  Advanced Ballistics  
  163  14:32  Terran Ship Weapons Level 2  
  163  14:33  Terran Vehicle And Ship Armor Level 1, Terran Vehicle Weapons Level 1  
  163  14:38  Viking x2  
  163  14:39  Viking x7  
  163  14:40  Viking  
  183  14:58  Command Center  
  183  14:59  Refinery  
  183  15:02  Refinery  
  183  15:08  Viking  
  185  15:20  Sensor Tower  
  185  15:27  Sensor Tower  
  148  16:04  Viking x4  
  148  16:05  Viking x6  
  168  16:15  Orbital Command  
  168  16:25  Command Center  
  168  16:29  Terran Vehicle And Ship Armor Level 2, Terran Vehicle Weapons Level 2  
  168  16:34  Viking, Liberator x4  
  163  17:19  Viking x10  
  108  17:48  Viking  
  108  17:49  Viking x6  
  109  17:53  Starport  
  109  17:54  Starport x2  
  109  17:55  Starport  
  109  17:57  Terran Ship Weapons Level 3  
  105  18:13  Orbital Command, Refinery  
  105  18:21  Refinery  
  104  18:35  Starport Reactor  
  104  18:36  Starport Reactor x3  
  104  18:42  Missile Turret  
  104  18:46  Terran Vehicle Weapons Level 3, Terran Vehicle And Ship Armor Level 3  
  104  18:49  Viking  
  104  18:50  Viking x3  
  112  19:15  Liberator x4  
  112  19:16  Liberator  
  127  19:17  Viking  
  129  19:44  Viking  
  129  19:45  Viking x9  
  149  20:12  Sensor Tower  
  144  20:49  Liberator  
  144  20:50  Liberator x7  
  151  22:02  Ghost x3  
  157  22:11  Personal Cloaking  
  157  22:15  Liberator  
  160  22:16  Liberator x9  
  187  22:30  Ghost x2  
  187  22:31  Ghost  
  181  25:05  Command Center  
  181  25:10  Refinery  
  181  25:13  Nuke  
Show
View Real Time Build Order
Export as new Build Order

kornikz Terran 

Build Orders: Reaper Expand 

Get SALT Encoding   

  12  0:00  SCV  
  13  0:12  SCV  
  14  0:24  SCV  
  14  0:28  Supply Depot  
  15  0:37  Refinery  
  15  0:49  SCV  
  16  0:50  Barracks  
  16  1:01  SCV  
  17  1:13  SCV  
  18  1:25  SCV  
  19  1:37  Command Center  
  19  1:39  Reaper  
  20  1:46  Supply Depot  
  20  1:53  Refinery  
  20  2:21  Barracks Reactor  
  20  2:27  Factory  
  20  2:29  Orbital Command  
  20  2:50  Orbital Command  
  20  2:58  Engineering Bay  
  20  3:26  SCV x2  
  21  3:30  Factory Tech Lab  
  21  3:32  Marine x2  
  21  3:33  Starport  
  23  3:38  Barracks  
  23  3:47  SCV x2  
  23  3:48  Siege Tank  
  28  3:54  Terran Infantry Weapons Level 1, Missile Turret  
  28  3:59  SCV  
  28  4:00  Missile Turret  
  29  4:09  Starport Reactor  
  29  4:14  Marine x2  
  31  4:25  SCV x2  
  31  4:27  Refinery  
  31  4:31  Barracks Tech Lab, Marine  
  33  4:34  Siege Tank, Marine  
  38  4:42  Supply Depot  
  38  4:47  Medivac x2  
  38  4:49  Marine  
  40  5:19  Siege Tank  
  43  5:22  SCV x2  
  43  5:27  Supply Depot  
  45  5:36  Marine x3  
  45  5:38  Viking x2  
  45  5:40  Stimpack  
  52  5:50  Missile Turret  
  52  5:51  Barracks  
  52  5:52  SCV x2  
  54  6:04  Missile Turret, SCV x2  
  54  6:05  Marine x3  
  54  6:07  Command Center  
  59  6:16  Siege Tank  
  62  6:25  Supply Depot  
  62  6:32  Supply Depot  
  62  6:35  Refinery  
  62  6:47  SCV x2, Marine x2  
  62  6:54  Barracks Reactor  
  66  6:55  Armory  
  66  6:59  SCV x2  
  68  7:04  Supply Depot  
  68  7:06  Terran Infantry Armor Level 1  
  68  7:09  Marine  
  68  7:10  Marine  
  68  7:11  SCV x2  
  72  7:19  Combat Shield  
  72  7:20  Orbital Command, Starport  
  72  7:23  SCV x2  
  74  7:33  Supply Depot  
  74  7:34  Marine x2  
  74  7:35  SCV, Marine  
  81  7:40  Siege Tank  
  81  7:42  Viking  
  83  7:44  Missile Turret  
  83  7:45  SCV x2  
  85  7:57  Starport Reactor  
  85  7:59  Barracks  
  85  8:02  Viking  
  85  8:04  SCV x2  
  89  8:09  Refinery  
  89  8:12  Viking, SCV  
  92  8:23  SCV x2  
  92  8:26  Sensor Tower  
  94  8:28  Terran Ship Weapons Level 1  
  94  8:32  Viking  
  94  8:33  Engineering Bay  
  96  8:39  Supply Depot x2  
  96  8:42  Viking, SCV  
  96  8:43  SCV  
  100  8:49  Viking x2  
  100  8:52  Marine x2  
  100  8:55  Refinery  
  106  9:00  Terran Infantry Weapons Level 2, Barracks Reactor  
  106  9:06  Armory  
  106  9:16  Viking x2, Supply Depot  
  110  9:19  Viking  
  112  9:39  Command Center  
  112  9:42  Viking  
  112  9:43  Marine x3  
  112  9:44  Marine x4  
  121  9:46  Viking  
  123  9:53  Supply Depot  
  123  9:56  Medivac x2, Supply Depot  
  127  10:01  Marine  
  128  10:11  Terran Infantry Armor Level 2  
  128  10:12  Supply Depot  
  128  10:19  Missile Turret  
  128  10:38  Missile Turret  
  128  10:47  Starport  
  128  11:00  Barracks Tech Lab, Barracks  
  128  11:04  Viking  
  128  11:05  Viking x2  
  134  11:16  Viking  
  134  11:17  Marine x3  
  125  11:34  Viking x2  
  125  11:35  Viking, Marine x2  
  125  11:36  Marine  
  134  11:44  Viking  
  134  11:45  Siege Tank  
  134  11:46  Viking, Marine x3  
  144  11:47  Marine x2  
  144  11:53  Marine x3  
  149  11:54  Refinery  
  149  11:55  Refinery  
  149  11:56  Supply Depot  
  149  12:04  Marine x3  
  152  12:09  Viking x2  
  152  12:10  Viking, Marine x2  
  152  12:11  Marine x2  
  152  12:14  Terran Ship Weapons Level 2, Terran Vehicle And Ship Armor Level 1  
  162  12:19  Supply Depot  
  162  12:38  Viking x2  
  166  12:51  Marine x8  
  125  13:08  Marine  
  125  13:09  Marine x3  
  125  13:10  Marine  
  101  13:17  Viking x3  
  101  13:18  Viking, Marine x3  
  95  13:26  Marine  
  96  13:27  Marine x3  
  96  13:28  Marine  
  100  13:36  Marine x3  
  103  13:46  Marine x3  
  103  13:47  Viking, Marine x2  
  103  13:48  Viking  
  112  13:53  Marine  
  113  14:05  Viking x3  
  113  14:06  Marine x3  
  113  14:07  Marine  
  123  14:17  Viking  
  123  14:21  Marauder x2  
  129  14:26  Concussive Shells  
  129  14:28  Terran Infantry Weapons Level 3  
  129  14:31  Planetary Fortress  
  129  14:34  Marine x5  
  129  14:35  Marine  
  129  14:37  Viking x3  
  141  14:42  Medivac  
  143  14:47  Medivac  
  143  14:49  Supply Depot  
  143  14:52  Supply Depot  
  145  15:13  Terran Ship Weapons Level 3, Terran Vehicle And Ship Armor Level 2  
  145  15:16  Viking x2  
  145  15:17  Viking, Marine x5  
  145  15:18  Marine x2  
  158  15:32  Viking x2  
  162  15:46  Viking  
  146  16:16  Viking x4  
  146  16:17  Viking  
  156  16:19  Smart Servos  
  156  16:23  Terran Infantry Armor Level 3  
  156  16:29  Marine x6  
  156  16:30  Marine x2  
  164  16:38  Thor  
  170  16:46  Viking x4  
  170  16:47  Medivac, Marine  
  181  16:58  Command Center  
  181  17:19  Marine  
  181  17:20  Marine x3, Marauder  
  187  17:26  Viking x2, Thor  
  159  17:39  Marine x4  
  159  17:41  Viking x3  
  169  17:49  Marine x2  
  171  17:56  Viking x2  
  158  18:06  Marine x4  
  158  18:07  Marine x2  
  158  18:11  Viking x3  
  144  18:17  Marine x2  
  141  18:23  Marine  
  141  18:26  Viking x2  
  145  18:41  Viking x2  
  149  18:44  Terran Vehicle And Ship Armor Level 3  
  149  18:46  Marine x2  
  151  18:49  Reaper  
  152  19:06  Viking x2  
  152  19:07  Viking  
  158  19:18  Marine  
  158  19:19  Marine x5  
  158  19:20  Viking x2  
  168  19:43  Planetary Fortress  
  168  19:46  Missile Turret  
  168  19:50  Missile Turret  
  168  19:51  Viking x3  
  168  19:52  Viking x2, Missile Turret  
  178  19:53  Marine  
  178  19:54  Marine  
  178  19:55  Marine x6  
  178  19:59  Refinery  
  186  20:08  Thor  
  186  20:11  Marine  
  186  20:12  Marine x3  
  196  20:17  Marauder, Refinery, Marine x2  
  200  20:21  Terran Vehicle Weapons Level 1  
  200  20:28  Neosteel Armor, Hi-Sec Auto Tracking  
  190  21:08  Viking x5  
  190  21:38  Viking x5  
  168  22:08  Viking x3  
  174  22:09  Factory  
  178  22:17  Factory  
  178  22:20  Barracks Tech Lab, Factory  
  178  22:22  Terran Vehicle Weapons Level 2  
  174  22:38  Viking x3  
  174  22:43  Starport Reactor  
  180  22:44  Thor  
  186  22:54  Factory Tech Lab  
  186  23:08  Viking  
  188  23:22  Thor, Factory Tech Lab  
  188  23:23  Factory Tech Lab  
  193  23:27  Thor  
  193  23:31  Marine  
  193  23:32  Marauder, Marine x3  
  119  23:48  Viking x5  
  97  24:05  Thor  
  97  24:06  Thor  
  97  24:09  Marine  
  104  24:10  Thor, Marauder  
  103  24:18  Viking x5  
  101  24:41  Command Center  
  101  24:48  Viking x2  
  105  24:53  Thor  
  111  25:01  Viking x2  
  111  25:04  Marine x2  
  111  25:42  Viking x2  
  38  26:17  Marine x2  
  38  26:18  Marine x2  
  36  26:40  Viking x2  
Tags
 
Add a new tag
Caveats
  • Supply blocks, unpowered buildings, or Contaminate may cause inaccurate times.
  • Supply counts are checked every 10 seconds.